 Dungeon Crawl Stone Soup version 0.27-a0-1065-ge809cff456 (webtiles) character file.

Game seed: 1223415869739420430

1970 shoop the Basher (level 9, -8/88 HPs)
             Began as an Ogre Hunter on Apr 24, 2021.
             Was an Elder of Okawaru.
             Mangled by an orc warrior
             ... wielding a +0 war axe
              (20 damage)
             ... on level 6 of the Dungeon.
             The game lasted 00:16:10 (9557 turns).

shoop the Basher (Ogre Hunter)                      Turns: 9557, Time: 00:16:10

Health: -8/88      AC:  3    Str: 19    XL:     9   Next: 20%
Magic:  11/11      EV: 10    Int: 12    God:    Okawaru [****..]
Gold:   162        SH:  0    Dex: 11    Spells: 8/8 levels left

rFire    . . .     SeeInvis .   e - +0 giant club
rCold    . . .     Faith    .   (shield currently unavailable)
rNeg     . . .     Spirit   .   b - +0 robe
rPois    .         Reflect  .   (helmet restricted)
rElec    .         Harm     .   (no cloak)
rCorr    +         Rampage  .   (gloves unavailable)
Will     +....                  (boots unavailable)
Stlth    +.........             (no amulet)
HPRegen  0.24/turn              p - ring of willpower
MPRegen  0.12/turn              u - ring of resist corrosion

@: no status effects
A: large, unfitting armour, tough skin 1
a: Renounce Religion, Heroism


You were on level 6 of the Dungeon.
You worshipped Okawaru.
Okawaru was greatly pleased with you.
You visited 1 branch of the dungeon, and saw 6 of its levels.

You collected 317 gold pieces.
You spent 155 gold pieces at shops.

Inventory:

Hand Weapons
 a - a +0 spear
 e - a +0 giant club (weapon)
 n - a +0 mace
 r - a +0 flail
 v - a +0 giant spiked club
Missiles
 c - 5 large rocks
 d - 2 throwing nets
 g - 25 poisoned darts (quivered)
 o - 12 boomerangs
 A - 3 silver javelins
Armour
 b - a +0 robe (worn)
 j - a +0 tower shield
Jewellery
 p - a ring of willpower (left hand)
 u - a ring of resist corrosion (right hand)
Wands
 w - a wand of paralysis (11)
Scrolls
 f - 4 scrolls of teleportation
 i - 3 scrolls of enchant armour
 l - a scroll of magic mapping
 m - 2 scrolls of enchant weapon
 s - a scroll of immolation
 x - a scroll of vulnerability
 y - 2 scrolls of amnesia
 z - a scroll of fog
 B - a scroll of summoning {unknown}
Potions
 h - a potion of curing
 k - a potion of brilliance
 q - a potion of might
 t - a potion of lignification


   Skills:
 - Level 5.0 Fighting
 + Level 8.7 Maces & Flails
 - Level 5.1 Throwing
 - Level 1.7 Dodging
 - Level 0.6 Stealth
 - Level 3.0 Invocations
 - Level 3.0 Evocations


You had 8 spell levels left.
You didn't know any spells.
Your spell library contained the following spells:

 Spells                   Type           Power      Damage    Failure   Level
 Summon Small Mammal      Summ           0%         N/A       32%         1
 Call Imp                 Summ           0%         N/A       45%         2
 Call Canine Familiar     Summ           0%         N/A       69%         3
 Summon Guardian Golem    Hex/Summ       0%         N/A       69%         3
 Summon Ice Beast         Ice/Summ       0%         N/A       97%         4
 Summon Lightning Spire   Summ/Air       0%         N/A       97%         4


Dungeon Overview and Level Annotations

Branches:
Dungeon (6/15)
 Temple: D:4-7

Altars:
Okawaru
Vehumet

Shops:
D:4 (   D:5 ?

Annotations:
D:5 Eustachio


Innate Abilities, Weirdness & Mutations

You are too large for most types of armour.
You have tough skin. (AC +1)


Message History

The scorpion is severely wounded.
You feel sick. The scorpion barely misses you.
You hit the scorpion but do no damage.
The scorpion is severely wounded.
You feel sick.
The scorpion looks more healthy.
The scorpion barely misses you.
You thump the scorpion!
You kill the scorpion!
Okawaru accepts your kill.
You feel sick. The howler monkey closely misses you.
You sock the howler monkey!
The howler monkey is severely wounded.
You feel sick.
An orc warrior comes into view. It is wielding a +0 glaive.
The howler monkey hoots and howls with incredible vigour!
You hear an angry hiss.
You hear a shout! x2
You hit the howler monkey.
The howler monkey is almost dead.
You feel sick. The howler monkey closely misses you.
A gargoyle comes into view. It is wielding a +0 flail.
The howler monkey hits you.
You barely miss the howler monkey.
The howler monkey is almost dead.
You feel sick.
You are no longer poisoned.
The orc warrior hits you from afar with a +0 glaive!!
The howler monkey hits you.
You are too injured to fight recklessly!
An orc warrior comes into view. It is wielding a +0 war axe.
Found a stone staircase leading down. 2 orcs come into view.
The orc shouts!
The orc warrior hits you with a +0 war axe!
* * * LOW HITPOINT WARNING * * *
Found 11 gold pieces.
You sock the orc!
You kill the orc!
The howler monkey hits you.
* * * LOW HITPOINT WARNING * * *
The orc warrior hits you with a +0 war axe!!
You die...

...!()...##.#####.#
#..?..#.##.#...†.#
.... #[##.#.#####
###.###.##.>..####
#..5.(9.............
#.####(##.....#####.
.. #o##..#.## s..
#h##....# .h.
#@###...# #.
#.$..o.)..o..# .
........###...#
......... ....#
###>##### #. #


You could see 2 orc warriors, a gargoyle, a howler monkey and an orc.

Vanquished Creatures
  Prince Ribbit (D:5)
  Sigmund (D:4)
  Menkaure (D:5)
  An ice beast (D:6)
  3 ogres (D:5)
  2 centaurs
  5 scorpions
  2 water moccasin skeletons (D:4)
  A centaur zombie (D:5)
  2 bullfrog zombies (D:5)
  A hound (D:5)
  An orc priest (D:3)
  An iguana (D:5)
  A bullfrog skeleton (D:5)
  An orc wizard (D:5)
  A scorpion zombie (D:5)
  A hound skeleton (D:4)
  11 gnolls
  11 adders
  A shadow imp (D:6)
  4 worms (D:2)
  An adder skeleton (D:4)
  4 dart slugs
  11 orcs
  6 endoplasms
  2 giant cockroaches
  9 goblins
  6 hobgoblins
  4 jackals (D:2)
  7 quokkas
  8 ball pythons
  10 bats
  6 frilled lizards
  7 kobolds
  12 rats
146 creatures vanquished.

Notes
Turn   | Place    | Note
-------+----------+-------------------------------------------
     0 | D:1      | shoop the Ogre Hunter began the quest for the Orb.
     0 | D:1      | Reached XP level 1. HP: 22/22 MP: 1/1
   264 | D:1      | Reached XP level 2. HP: 8/31 MP: 2/2
   811 | D:1      | Found a faded altar of an unknown god.
   814 | D:1      | Became a worshipper of Warmaster Okawaru
   814 | D:1      | Reached * piety under Okawaru
  1405 | D:2      | You fall into a shaft and drop 1 floor!
  1556 | D:2      | Reached XP level 3. HP: 39/39 MP: 3/3
  1606 | D:2      | Found a radiant altar of Vehumet.
  1876 | D:2      | Reached XP level 4. HP: 44/48 MP: 4/4
  2131 | D:1      | Reached skill level 1 in Invocations
  2509 | D:2      | Reached skill level 5 in Throwing
  2749 | D:2      | Reached XP level 5. HP: 16/55 MP: 6/6
  3588 | D:2      | Reached skill level 5 in Fighting
  4275 | D:3      | Reached skill level 1 in Maces & Flails
  4406 | D:3      | Reached ** piety under Okawaru
  4886 | D:2      | Reached XP level 6. HP: 46/66 MP: 8/8
  5444 | D:3      | Reached skill level 2 in Maces & Flails
  5760 | D:4      | Reached skill level 3 in Maces & Flails
  5824 | D:4      | Noticed Sigmund
  5839 | D:4      | Killed Sigmund
  5840 | D:4      | Reached skill level 4 in Maces & Flails
  5840 | D:4      | Reached XP level 7. HP: 71/72 MP: 9/9
  6262 | D:4      | Reached skill level 5 in Maces & Flails
  6456 | D:4      | Found Irul's Antique Weapon Shoppe.
  6733 | D:4      | Reached *** piety under Okawaru
  7418 | D:5      | Entered Level 5 of the Dungeon
  7444 | D:5      | Reached skill level 6 in Maces & Flails
  7444 | D:5      | Reached XP level 8. HP: 31/80 MP: 10/10
  7753 | D:5      | Received a gift from Okawaru
  7904 | D:5      | Noticed Menkaure
  7928 | D:5      | Killed Menkaure
  7929 | D:5      | Reached skill level 7 in Maces & Flails
  8140 | D:5      | Noticed Eustachio
  8495 | D:5      | Reached **** piety under Okawaru
  8496 | D:5      | Reached skill level 1 in Evocations
  8561 | D:5      | Found Pybeuq's Magic Scroll Boutique.
  8566 | D:5      | Bought a scroll of amnesia for 35 gold pieces
  8566 | D:5      | Bought a scroll of fog for 20 gold pieces
  8566 | D:5      | Bought a scroll of teleportation for 30 gold pieces
  8566 | D:5      | Bought a scroll of noise for 10 gold pieces
  8595 | D:5      | Reached skill level 8 in Maces & Flails
  9161 | D:5      | Bought 2 scrolls of identify for 40 gold pieces
  9163 | D:5      | Bought a scroll of identify for 20 gold pieces
  9190 | D:6      | Noticed Prince Ribbit
  9205 | D:5      | Killed Prince Ribbit
  9206 | D:5      | Reached XP level 9. HP: 63/88 MP: 11/11
  9507 | D:6      | Received a gift from Okawaru
  9553 | D:6      | Noticed a gargoyle
  9557 | D:6      | Mangled by an orc warrior

Illustrated notes

Levels and vault maps discovered:
D:1:      dpeg_arrival_chambers_temple_mockup, layout_basic,
          basic_ecumenical_altar, minmay_pentomino_s4
D:2:      minmay_recursive_quarters, layout_basic, basic_altar
D:3:      layout_loops_ring, minmay_pentangle
D:4:      layout_basic, serial_shops, nicolae_shop_behind_doors, uniq_sigmund
D:5:      layout_basic, serial_shops, shop, minmay_door_square, uniq_menkaure,
          uniq_eustachio
D:6:      layout_loops_ring, minmay_chambers_of_fives, uniq_prince_ribbit1

Skill      XL: |  1  2  3  4  5  6  7  8  9 |
---------------+----------------------------+-----
Fighting       | 3 4 5 |  5.0
Invocations    | 1 2 3 |  3.0
Throwing       | 5 |  5.1
Maces & Flails | 1 4 6 8 |  8.7
Evocations     | 2 3 |  3.0
Dodging        | |  1.7
Stealth        | |  0.6

Action                   |  1- 3 |  4- 6 |  7- 9 || total
-------------------------+-------+-------+-------++-------
Melee: Spear             |   123 |   118 |       ||   241
       Mace              |       |    79 |       ||    79
       Flail             |       |    67 |   111 ||   178
       Giant club        |       |       |    79 ||    79
Throw: Dart              |    11 |    37 |    41 ||    89
       Throwing net      |       |     1 |       ||     1
  Use: Scroll            |       |       |     9 ||     9
 Stab: Sleeping          |     3 |     4 |       ||     7
Armor: Robe              |    22 |    82 |    42 ||   146
Dodge: Dodged            |    38 |   141 |    91 ||   270

Table legend: (Time is in decaauts)
 A = Elapsed time spent in this place.
 B = Non-inter-level travel time spent in this place.
 C = Inter-level travel time spent in this place.
 D = Time resting spent in this place.
 E = Time spent auto-exploring this place.
 F = Levels seen in this place.
 G = Mean time per level.
                   A        B        C        D        E       F      G
               +--------+--------+--------+--------+--------+-----+--------+
         Total |   9643 |   9427 |    216 |   1225 |   6653 |   6 | 1607.2 |
       Dungeon |   9643 |   9427 |    216 |   1225 |   6653 |   6 | 1607.2 |
               +--------+--------+--------+--------+--------+-----+--------+

Top non-repeatable levels by time:
     D:2: 2435 daAuts
     D:5: 1889 daAuts
     D:1: 1771 daAuts
     D:4: 1710 daAuts
     D:3: 1581 daAuts
     D:6: 254 daAuts
